 Dungeon Crawl Stone Soup version 0.24-a0-699-g5a66b1aa3b (webtiles) character file.

Game seed: 6084347601560424001, levelgen mode: deterministic

38995 MisterOstroum the Jinx (level 14, -1/108 HPs)
             Began as a Human Enchanter on Sept 29, 2019.
             Was a High Priest of Elyvilon.
             Slain by Frances
             ... wielding a +0 hand axe
              (8 damage)
             ... on level 12 of the Dungeon.
             The game lasted 01:19:37 (29311 turns).

MisterOstroum the Jinx (Human Enchanter)           Turns: 29311, Time: 01:19:37

Health: -1/108     AC: 11    Str:  8    XL:     14   Next: 37%
Magic:  20/21      EV: 13    Int: 22    God:    Elyvilon [*****.]
Gold:   1098       SH:  0    Dex: 16    Spells: 3/23 levels left

rFire    + . .     SeeInvis .   a - +3 dagger (venom)
rCold    x . .     Gourm    .   (no shield)
rNeg     . . .     Faith    .   R - +3 leather armour {rPois}
rPois    +         Spirit   .   m - +0 helmet
rElec    .         Reflect  .   x - +0 cloak
rCorr    .         Harm     .   u - +1 pair of gloves
MR       +....                  q - +0 pair of boots
Stlth    +++++.....             U - amulet of Suno {RegenMP Slay+2}
HPRegen  0.28/turn              B - ring of fire
MPRegen  0.42/turn              D - +3 ring of intelligence

@: no status effects
A: no striking features
a: Lesser Healing, Heal Other, Purification, Greater Healing, Divine Vigour,
Divine Protection, Renounce Religion


You were on level 12 of the Dungeon.
You worshipped Elyvilon.
Elyvilon was extremely pleased with you.
You were hungry.

You visited 2 branches of the dungeon, and saw 20 of its levels.
You also visited: Ossuary.

You collected 1098 gold pieces.

Inventory:

Hand Weapons
 a - a +3 dagger of venom (weapon)
 b - a +0 rapier
Missiles
 c - 2 curare-tipped darts (quivered)
 j - 4 atropa-tipped darts
 w - 35 poisoned darts
 E - 4 boomerangs
 G - 4 javelins
Armour
 m - a +0 helmet (worn)
 q - a +0 pair of boots (worn)
 u - a +1 pair of gloves (worn)
 x - a +0 cloak (worn)
 F - a +3 ring mail
 P - a +2 shield
 R - a +3 leather armour of poison resistance (worn)
Jewellery
 l - an uncursed ring of ice
 B - a ring of fire (left hand)
 D - a +3 ring of intelligence (right hand)
 N - an uncursed ring of protection from magic
 O - an uncursed amulet of the acrobat
 U - the amulet of Suno (around neck) {RegenMP Slay+2}
   (You found it on level 1 of the Lair of Beasts)

   [amulet of magic regeneration]

   It increases your magic regeneration.
   It affects your accuracy and damage with ranged weapons and melee attacks
   (+2).
 W - an uncursed ring of flight
Wands
 o - a wand of acid (4)
 t - a wand of polymorph (21)
 L - a wand of iceblast (19)
 Y - a wand of enslavement (8)
Scrolls
 g - 3 scrolls of blinking {@r4}
 h - 5 scrolls of remove curse {@r2}
 n - a scroll of immolation
 p - 10 scrolls of teleportation {@r3 !r}
 r - 3 scrolls of fear {!r}
 v - 2 scrolls of magic mapping {@r5 !r}
 J - 2 scrolls of vulnerability
 S - a scroll of acquirement {unknown}
 T - a scroll of torment {unknown}
 V - 2 scrolls of enchant weapon
 X - a scroll of summoning {unknown}
 Z - a scroll of fog {!r}
Potions
 d - a potion of haste {@q4 !q}
 k - 4 potions of mutation
 s - a potion of invisibility
 z - 2 potions of might {@q3 !q}
 A - a potion of magic
 C - 9 potions of curing {@q1 !q}
 H - a potion of berserk rage
 I - a potion of brilliance
 K - 2 potions of ambrosia
 M - 2 potions of flight
 Q - 5 potions of heal wounds {@q2 !q}
Comestibles
 e - 26 rations


   Skills:
 - Level 9.0 Fighting
 - Level 4.2 Short Blades
 - Level 2.0 Throwing
 - Level 0.2 Armour
 - Level 3.6 Dodging
 - Level 11.3 Stealth
 - Level 5.1 Shields
 - Level 5.0 Spellcasting
 - Level 12.1 Hexes
 * Level 6.7 Summonings
 - Level 3.6 Ice Magic
 * Level 6.6 Air Magic
 - Level 7.7 Invocations
 - Level 3.0 Evocations


You had 3 spell levels left.
You knew the following spells:

 Your Spells              Type           Power        Failure   Level  Hunger
a - Corona                Hex            ######.      1%          1    None
b - Ensorcelled Hibernat  Hex/Ice        #####.       1%          2    None
c - Confuse               Hex            ######..     1%          3    ##.....
d - Tukima's Dance        Hex            ######..     1%          3    ##.....
e - Cause Fear            Hex            ######....   1%          4    ####...
f - Portal Projectile     Hex/Tloc       ####..       3%          3    ##.....
g - Summon Lightning Spi  Summ/Air       ####....     9%          4    ####...

Your spell library contained the following spells:

 Spells                   Type           Power        Failure   Level  Hunger
 Summon Small Mammal      Summ           ####         1%          1    None
 Call Imp                 Summ           #####...     1%          2    None
 Slow                     Hex            ######..     1%          2    None
 Summon Guardian Golem    Hex/Summ       #####...     1%          3    ##.....
 Call Canine Familiar     Summ           #####...     2%          3    ##.....
 Dazzling Spray           Conj/Hex       ####..       3%          3    ##.....
 Inner Flame              Hex/Fire       #####...     3%          3    ##.....
 Animate Skeleton         Necr           N/A          14%         1    None
 Pain                     Necr           #...         14%         1    None
 Regeneration             Chrm/Necr      #.........   38%         3    ##.....
 Vampiric Draining        Necr           #.........   38%         3    ##.....
 Leda's Liquefaction      Hex/Erth       ####......   12%         4    ####...
 Summon Ice Beast         Ice/Summ       ####....     17%         4    ####...
 Animate Dead             Necr           N/A          80%         4    ####...


Dungeon Overview and Level Annotations

Branches:
Dungeon (14/15)            Temple (0/1) D:7            Lair (6/6) D:10
 Shoals (0/4) Lair:2        Snake (0/4) Lair:2        Slime (0/5) Lair:6
    Orc (0/2) D:12        Ossuary (visited)
 Vaults: D:13-14

Altars:
Cheibriados
Elyvilon
Fedhas
Gozag
Qazlal
Ru
Sif Muna
Uskayaw
Vehumet
Xom
Yredelemnul
Beogh

Shops:
D:6 :   D:10 !   D:11 }

Annotations:
D:3 3 runed translucent doors, seIthillrisiriel's ghost, amateur DrCj
D:6 exclusion: door
D:8 1 runed translucent door, skumtomte's ghost, novice TeCj
D:12 Frances; Nessos
Lair:2 exclusion: 2 oklob plants
Lair:3 exclusion: hydra
Lair:4 exclusion: 4 oklob plants


Message History

Something seems to be corroded for longer.
The bolt of acid hits the hog!
The hog is splashed with acid.
The hog seems to be corroded for longer.
You kill the hog!
The bolt of acid hits the hog!
The hog is splashed with acid!
The acid corrodes the hog!
The hog is almost dead.
Something hits you!
Evoke which item? (* to show all) (? for menu, Esc to quit)
Aiming: Corrosive Bolt
Press: ? - help, Shift-Dir - straight line, p - hog The bolt of acid hits something!
Something seems to be corroded for longer.
The bolt of acid hits the hog!
The hog is splashed with acid.
The hog seems to be corroded for longer.
You kill the hog!
Something barely misses you.
You hit something.
You hear some strange, mumbled words.
Something tries to affect you, but you resist.
Evoke which item? (* to show all) (? for menu, Esc to quit)
Aiming: Corrosive Bolt
Press: ? - help, Shift-Dir - straight line The bolt of acid hits something!!
The bolt of acid misses Frances.
Reactivating autopickup.
You feel a bit more experienced.
Frances speaks in an indecipherable language.
Frances mutters in a terrible tongue.
Frances seems to speed up.
Evoke which item? (* to show all) (? for menu, Esc to quit)
Aiming: Corrosive Bolt
Press: ? - help, Shift-Dir - straight line The bolt of acid hits Frances!
Frances is splashed with acid.
The acid corrodes Frances!
Frances is lightly wounded.
Press: ? - help, v - describe, . - travel The floor, spattered with blood.
Press: ? - help, v - describe, . - travel, g - get item The human corpse of Kirke.
The floor, spattered with blood.
Evoke which item? (* to show all) (? for menu, Esc to quit)
Aiming: Polymorph
Press: ? - help, Shift-Dir - straight line, f - Frances
Aim: Frances, wielding a +0 hand axe and wearing a +0 ring mail (lightly wounded, fast, covered in acid, chance to defeat MR: 3%)
Okay, then.
Evoke which item? (* to show all) (? for menu, Esc to quit)
Okay, then.
Press: ? - help, Dir - move target cursor, f - Frances Heal: Frances, wielding a +0 hand axe and wearing a +0 ring mail (lightly wounded, fast, covered in acid, uninterested) Unknown command.
Unknown command.
Throwing (i - inventory. (/) - cycle)
c - 4 curare-tipped darts (quivered)
Press: ? - help, Shift-Dir - straight line, f - Frances
Aim: Frances, wielding a +0 hand axe and wearing a +0 ring mail (lightly wounded, fast, covered in acid)
Okay, then.
Throwing (i - inventory. (/) - cycle)
j - 4 atropa-tipped darts (quivered)
Press: ? - help, Shift-Dir - straight line, f - Frances
Aim: Frances, wielding a +0 hand axe and wearing a +0 ring mail (lightly wounded, fast, covered in acid, chance to blind on hit: 10%)
Okay, then.
Throwing (i - inventory. (/) - cycle)
c - 4 curare-tipped darts (quivered)
Press: ? - help, Shift-Dir - straight line, f - Frances
Aim: Frances, wielding a +0 hand axe and wearing a +0 ring mail (lightly wounded, fast, covered in acid)
You throw a curare-tipped dart.
The curare-tipped dart barely misses Frances.
Throwing (i - inventory. (/) - cycle)
c - 3 curare-tipped darts (quivered)
Press: ? - help, Shift-Dir - straight line, f/p - Frances
Aim: Frances, wielding a +0 hand axe and wearing a +0 ring mail (lightly wounded, fast, covered in acid)
You throw a curare-tipped dart. The curare-tipped dart hits Frances.
Frances is poisoned.
Frances convulses.
Frances seems to slow down.
Frances is lightly wounded.
Frances chants phrases taken from a devil's mouth.
The shard of ice hits you!!!
You feel a painful chill!
* * * LOW HITPOINT WARNING * * *
You hit Frances.
Frances looks as sick as possible!
Frances is moderately wounded.
Frances howls an indescribable curse.
Frances hits you with a +0 hand axe.
* * * LOW HITPOINT WARNING * * *
You are healed.
You feel somewhat more hungry.
You barely miss Frances.
Frances is moderately wounded.
Frances screams a word of power!
You hit Frances but do no damage.
Frances looks as sick as possible!
Frances is moderately wounded.
Frances is no longer moving slowly.
Frances is no longer covered in acid.
Frances hits you with a +0 hand axe!!
* * * LOW HITPOINT WARNING * * *
You are healed.
You are feeling hungry.
Frances hits you with a +0 hand axe.
You hit Frances.
Frances looks as sick as possible!
Frances is moderately wounded.
Frances hits you with a +0 hand axe!
* * * LOW HITPOINT WARNING * * *
You hit Frances.
Frances looks as sick as possible!
Frances is moderately wounded.
Frances hits you with a +0 hand axe!!
* * * LOW HITPOINT WARNING * * *
Frances hits you with a +0 hand axe!
You die...

# #......#######... # #......# ..
#....h.# #.....# # #......#
#.....# # #..)...# #.....# #.. +
#.....## #.....#######.. #
#.....# #..............
######.....########..............
..............3@@................
.............######.............#
(............# #....##'####..#
.............# #....#.....#..#
#'##.........# #....#.....#..#
...#.........# #....#.....#..#
...#.........# #....#.....#..#
...#.........# #....#...(.#..#
...#.........# ##...#....##..#


You could see Frances and a sixfirhy.

Vanquished Creatures
  Kirke (D:12)
  Azrael (D:12)
  A centaur warrior (D:11)
  Sonja (D:11)
  2 unseen horrors
  An orc knight (D:11)
  2 manticores
  3 black mambas
  Joseph (D:8)
  3 elephants
  A torpor snail (Lair:4)
  A gargoyle (D:11)
  7 spiny frogs
  2 komodo dragons
  2 rime drakes (Lair:4)
  A queen bee (Lair:4)
  3 meliai (Lair:4)
  3 hornets
  15 blink frogs
  A polar bear (Lair:4)
  4 dream sheep
  12 hippogriffs
  24 yaks
  A vampire (D:12)
  4 wyverns
  2 fire elementals
  6 hogs (D:12)
  Grum (D:11)
  7 basilisks
  2 nagas (Lair:2)
  8 water moccasins
  Edmund (D:6)
  4 hell hounds (D:11)
  8 orc warriors
  12 porcupines
  Purgy (D:3)
  5 sky beasts
  A hornet zombie (D:7)
  An eye of draining (D:10)
  A phantom (D:9)
  2 black bears
  2 necrophages
  5 ogres
  15 wolves
  7 centaurs
  7 crocodiles
  An elf zombie (Ossuary)
  Blork the orc (D:5)
  5 bullfrogs
  A wyvern zombie (D:8)
  7 scorpions
  46 killer bees
  An electric eel (Lair:1)
  5 howler monkeys
  2 crimson imps
  A quasit (D:7)
  3 centaur skeletons
  A centaur zombie (Ossuary)
  3 orc priests
  7 orc wizards
  2 human zombies
  4 jellies
  7 hounds
  An iguana (D:8)
  5 worker ants
  A big kobold zombie (Ossuary)
  2 mummies (Ossuary)
  Robin (D:2)
  2 worker ant zombies
  10 gnolls
  16 adders
  An ooze (D:2)
  2 adder zombies
  2 worms (D:2)
  A dart slug (D:4)
  3 leopard geckos
  45 orcs
  5 bats
  3 giant cockroaches
  A gnoll zombie (D:8)
  9 goblins
  6 hobgoblins
  8 jackals
  A quokka (D:11)
  A ball python (D:1)
  3 frilled lizards (D:1)
  2 goblin zombies (Ossuary)
  11 hobgoblin zombies (Ossuary)
  2 jackal zombies
  2 kobolds
  7 kobold zombies (Ossuary)
  8 orc zombies (Ossuary)
  A quokka zombie (D:7)
  4 rats
  3 rat zombies (Ossuary)
461 creatures vanquished.

Vanquished Creatures (collateral kills)
  An orc warrior (D:11)
  An ogre (D:7)
  A gnoll sergeant (D:9)
3 creatures vanquished.

Vanquished Creatures (others)
  3 dancing weapons
  17 fungi
  6 plants
26 creatures vanquished.

Grand Total: 490 creatures vanquished

Notes
Turn   | Place    | Note
-------+----------+-------------------------------------------
     0 | D:1      | MisterOstroum the Human Enchanter began the quest for the
                  | Orb.
     0 | D:1      | Reached XP level 1. HP: 13/13 MP: 3/3
   172 | D:1      | Reached skill level 1 in Fighting
   227 | D:1      | Reached XP level 2. HP: 16/21 MP: 3/5
   289 | D:1      | Learned a level 2 spell: Ensorcelled Hibernation
   456 | D:1      | Reached XP level 3. HP: 22/28 MP: 3/6
  1494 | D:2      | Learned a level 3 spell: Confuse
  1544 | D:2      | Noticed Robin
  1560 | D:2      | Reached XP level 4. HP: 34/34 MP: 2/7
  1835 | D:2      | Killed Robin
  2778 | D:2      | Reached XP level 5. HP: 37/39 MP: 8/8
  3136 | D:3      | Found a faded altar of an unknown god.
  3161 | D:3      | Became a worshipper of Elyvilon the Healer
  3161 | D:3      | Reached * piety under Elyvilon
  3250 | D:3      | Found a runed translucent gate.
  3250 | D:3      | Found a runed translucent gate.
  3270 | D:3      | Identified the cursed +0 hunting sling "Killer Bee's Curse"
                  | {flame, Str+6 Int+4}
  3271 | D:3      | Noticed seIthillrisiriel's ghost (amateur DrCj)
  3275 | D:3      | Found a runed translucent gate.
  3332 | D:3      | Noticed Purgy
  3371 | D:3      | Killed Purgy
  3371 | D:3      | Reached XP level 6. HP: 45/46 MP: 9/9
  3479 | D:3      | Reached ** piety under Elyvilon
  3926 | D:3      | Found a roughly hewn altar of Beogh.
  4206 | D:4      | Reached *** piety under Elyvilon
  4252 | D:4      | Noticed an ogre
  4270 | D:4      | HP: 1/46 [ogre/+0 giant club (14)]
  4278 | D:4      | Killed an ogre
  4278 | D:4      | Reached skill level 5 in Stealth
  5214 | D:4      | Reached XP level 7. HP: 52/52 MP: 10/10
  5657 | D:5      | Entered Level 5 of the Dungeon
  5694 | D:5      | Reached skill level 4 in Hexes
  5744 | D:5      | Found a shimmering altar of Xom.
  5822 | D:5      | Reached **** piety under Elyvilon
  5872 | D:5      | Found a radiant altar of Vehumet.
  5901 | D:5      | Found a blossoming altar of Fedhas.
  5964 | D:5      | Found a hide-covered altar of Uskayaw.
  5995 | D:5      | Reached skill level 1 in Invocations
  6270 | D:5      | Found a basalt altar of Yredelemnul.
  6275 | D:5      | Found a stormy altar of Qazlal.
  6277 | D:5      | Found a snail-covered altar of Cheibriados.
  6500 | D:5      | Noticed Blork the orc
  6506 | D:5      | Learned a level 3 spell: Tukima's Dance
  6534 | D:5      | Killed Blork the orc
  6863 | D:6      | Reached skill level 1 in Ice Magic
  7040 | D:6      | Noticed Edmund
  7096 | D:6      | Reached XP level 8. HP: 58/60 MP: 11/11
  7164 | D:6      | Reached skill level 5 in Hexes
  7393 | D:6      | Found a shimmering blue altar of Sif Muna.
  7453 | D:6      | Found Cyoga's Book Boutique.
  7535 | D:7      | Reached ***** piety under Elyvilon
  8002 | D:7      | Found a staircase to the Ecumenical Temple.
  8037 | D:7      | Found a white marble altar of Elyvilon.
  8822 | D:7      | Noticed a hippogriff
  8874 | D:7      | Killed a hippogriff
  8874 | D:7      | Reached skill level 1 in Throwing
  8874 | D:7      | Reached XP level 9. HP: 13/65 MP: 3/13
  9651 | D:6      | Killed Edmund
 10158 | D:8      | Found a sand-covered staircase.
 10191 | Ossuary  | Entered an ossuary
 10664 | Ossuary  | Reached skill level 5 in Fighting
 11134 | D:8      | Reached skill level 6 in Hexes
 11294 | D:8      | Found a runed translucent door.
 11296 | D:8      | Noticed skumtomte's ghost (novice TeCj)
 11338 | D:8      | Reached skill level 7 in Hexes
 11373 | D:8      | Noticed Joseph
 11382 | D:8      | HP: 3/68 [Joseph/+1 quarterstaff of pain (14)]
 11382 | D:8      | HP: 1/68 [Joseph/+1 quarterstaff of pain (2)]
 11396 | D:8      | Killed Joseph
 11396 | D:8      | Reached XP level 10. HP: 14/74 MP: 2/16
 11874 | D:8      | Found an opulent altar of Gozag.
 12138 | D:9      | Reached skill level 8 in Hexes
 12723 | D:9      | Found a sacrificial altar of Ru.
 13600 | D:10     | Entered Level 10 of the Dungeon
 13701 | D:10     | Reached skill level 5 in Spellcasting
 13704 | D:10     | Reached skill level 9 in Hexes
 14117 | D:10     | Found a staircase to the Lair.
 14122 | D:10     | Noticed a white ugly thing
 14124 | D:10     | Noticed a centaur warrior
 14125 | D:10     | Noticed a guardian serpent
 14282 | D:10     | Reached XP level 11. HP: 79/79 MP: 18/18
 14377 | D:10     | Identified the +6 great sword of Destruction {flame, +Rage
                  | Dex+4}
 14394 | D:10     | Noticed a satyr
 14399 | D:10     | Reached ****** piety under Elyvilon
 14708 | D:10     | Found Tybruaff's Distillery.
 14811 | D:10     | Noticed a dire elephant
 14908 | Lair:1   | Entered Level 1 of the Lair of Beasts
 14980 | Lair:1   | Reached skill level 10 in Stealth
 15032 | Lair:1   | Reached skill level 1 in Shields
 15032 | Lair:1   | Reached skill level 10 in Hexes
 15144 | Lair:1   | Got a brightly glowing crystal amulet
 16221 | Lair:2   | Noticed a manticore
 16425 | Lair:2   | Found a staircase to the Shoals.
 16526 | Lair:2   | Noticed an oklob plant
 16553 | Lair:2   | Noticed an oklob plant
 16659 | Lair:2   | Found a staircase to the Snake Pit.
 16682 | Lair:2   | Reached skill level 1 in Evocations
 17493 | Lair:2   | Killed a manticore
 17718 | Lair:2   | Learned a level 4 spell: Cause Fear
 17722 | Lair:2   | Learned a level 3 spell: Portal Projectile
 18039 | Lair:3   | Identified the amulet of Suno {RegenMP Slay+2} (You found
                  | it on level 1 of the Lair of Beasts)
 18094 | Lair:3   | Reached skill level 5 in Invocations
 18094 | Lair:3   | Reached XP level 12. HP: 86/86 MP: 19/19
 18098 | Lair:3   | Reached skill level 11 in Hexes
 18512 | Lair:3   | Noticed an eight-headed hydra
 19959 | Lair:4   | Noticed a six-headed hydra
 19966 | Lair:4   | Noticed a catoblepas
 20192 | Lair:3   | Pacified a catoblepas
 20192 | Lair:3   | Reached skill level 12 in Hexes
 20831 | Lair:4   | Reached XP level 13. HP: 78/98 MP: 16/20
 21046 | Lair:4   | Noticed an eight-headed hydra
 22127 | Lair:4   | Pacified a six-headed hydra
 22433 | Lair:4   | Reached skill level 5 in Shields
 22755 | Lair:4   | Pacified an eight-headed hydra
 23166 | Lair:4   | Learned a level 4 spell: Summon Lightning Spire
 23311 | Lair:5   | Noticed a six-headed hydra
 23312 | Lair:5   | Pacified a six-headed hydra
 23312 | Lair:5   | Reached skill level 1 in Summonings
 23312 | Lair:5   | Reached skill level 1 in Air Magic
 24702 | Lair:6   | Entered Level 6 of the Lair of Beasts
 24702 | Lair:6   | Found a staircase to the Slime Pits.
 25175 | D:11     | Found Maeth's Gadget Emporium.
 25315 | D:11     | Noticed Grum
 25322 | D:11     | Killed Grum
 25552 | D:11     | Noticed a centaur warrior
 25573 | D:11     | Elyvilon protects you from harm!
 25583 | D:11     | Elyvilon protects you from harm!
 25595 | D:11     | HP: 1/101 [centaur/arrow[a centaur warrior] (10)]
 25595 | D:11     | Elyvilon protects you from harm!
 25596 | D:11     | Elyvilon protects you from harm!
 25601 | D:11     | Elyvilon protects you from harm!
 25602 | D:11     | Elyvilon protects you from harm!
 25602 | D:11     | Elyvilon protects you from harm!
 25603 | D:11     | HP: 1/101 [centaur/arrow[a centaur warrior] (2)]
 25605 | D:11     | Elyvilon protects you from harm!
 26050 | D:11     | You fall into a shaft and drop 3 floors!
 26235 | D:11     | Noticed Sonja
 26422 | D:11     | Killed Sonja
 26422 | D:11     | Reached XP level 14. HP: 85/108 MP: 18/21
 26793 | D:11     | Reached skill level 5 in Summonings
 26838 | D:11     | Found a roughly hewn altar of Beogh.
 26839 | D:11     | Reached skill level 5 in Air Magic
 27431 | D:12     | Noticed Frances
 27513 | D:12     | Noticed Azrael
 28029 | D:12     | Noticed Nessos
 29129 | D:12     | Killed Azrael
 29136 | D:12     | Found a staircase to the Orcish Mines.
 29283 | D:12     | Noticed Kirke
 29301 | D:12     | Killed Kirke
 29311 | D:12     | Slain by Frances

Levels and vault maps discovered:
D:1:      minmay_arrival_semitransparent, layout_loops_ring,
          kennysheep_pointless_box
D:2:      minmay_door_path, layout_loops_corners, uniq_robin
D:3:      layout_basic, biasface_ghost_orc_armoury,
          chequers_ecumenical_altar_grove, item_on_display_a, uniq_purgy
D:4:      layout_layer_cave, first_ration
D:5:      layout_rooms, lemuel_round_altar, kennysheep_little_box, minitemple,
          fedhas_altar_3, basic_altar, uniq_blork_the_orc
D:6:      lemuel_ice_spiral_2, layout_basic, led_sif_book, serial_shops,
          kennysheep_mini_moat, uniq_edmund
D:7:      layout_rooms, nicolae_overflow_crystal_walls,
          minmay_temple_entry_trees
D:8:      minmay_angry_zag, layout_loops_cross,
          nicolae_gozag_cash_rules_everything_around_me,
          ebering_ghost_reflecting_pool, enter_ossuary_3, uniq_joseph
D:9:      layout_stronghold, nicolae_ru_path_of_blood
D:10:     layout_rooms, lair_entry_dummy, serial_shops,
          nicolae_shop_behind_doors, minivault_12
D:11:     layout_roguey, serial_shops, nicolae_shop_waterfront, special_room
          [special_room_orc], uniq_grum, uniq_sonja
D:12:     layout_irregular_city, orc_0_dummy, hangedman_little_slice_of_home,
          uniq_azrael, uniq_kirke, uniq_nessos, uniq_frances
D:13:     layout_layer_cave, erik_vaults_1
D:14:     layout_roguey, solitary_fountain
Lair:1:   layout_chaotic_city, minmay_holes, serial_bayou_shore_a
Lair:2:   layout_regular_city, minmay_shoals_entry_beasts,
          guppyfry_snake_entry_island, minmay_lair_oklob_chamber
Lair:3:   layout_cave_pods, lemuel_fruit_fields
Lair:4:   hangedman_what_comes_after_a, layout_misc_corridors,
          grunt_megastairs_3
Lair:5:   layout_layer_cave
Lair:6:   minmay_lair_end_enchanted_forest, layout_gridlike, slime_dummy,
          chequers_serial_rivers_micro_e

Skill      XL: |  1  2  3  4  5  6  7  8  9 10 11 12 13 14 |
---------------+-------------------------------------------+-----
Fighting       | 1 2 3 4 5 7 9 |  9.0
Short Blades   | 2 3 4 |  4.2
Stealth        | 4 5 6 7 9 10 11 | 11.3
Hexes          | 4 5 7 9 10 12 | 12.1
Invocations    | 1 3 4 5 6 7 |  7.7
Ice Magic      | 1 3 |  3.6
Spellcasting   | 3 4 5 |  5.0
Throwing       | 1 2 |  2.0
Shields        | 4 5 |  5.1
Evocations     | 3 |  3.0
Dodging        | 3 |  3.6
Summonings     | 4 6 |  6.7
Air Magic      | 4 6 |  6.6
Armour         | |  0.2

Action                   |  1- 3 |  4- 6 |  7- 9 | 10-12 | 13-15 || total
-------------------------+-------+-------+-------+-------+-------++-------
Melee: Dagger            |    91 |   126 |   456 |   427 |   382 ||  1482
       Rapier            |       |       |       |       |    45 ||    45
Throw: Dart              |     1 |    22 |    12 |    14 |     6 ||    55
       Stone             |       |     2 |     1 |    10 |     1 ||    14
       Javelin           |       |       |    19 |       |     7 ||    26
       Boomerang         |       |       |    13 |    17 |     6 ||    36
 Cast: Corona            |     7 |     1 |       |       |       ||     8
       Ensorcelled Hiber |    13 |     5 |    32 |   151 |   139 ||   340
       Confuse           |       |     2 |    38 |    17 |    24 ||    81
       Tukima's Dance    |       |       |     3 |     7 |     4 ||    14
Invok: Lesser Healing    |       |     1 |     3 |       |     5 ||     9
       Heal Other        |       |       |       |     5 |     8 ||    13
       Greater Healing   |       |       |       |       |     3 ||     3
       Divine Protection |       |       |       |       |     2 ||     2
Evoke: Wand              |       |       |       |     2 |     5 ||     7
  Use: Scroll            |       |       |    15 |     6 |     9 ||    30
       Potion            |       |       |     2 |       |       ||     2
 Stab: Sleeping          |    14 |     4 |    21 |   109 |    86 ||   234
       Invisible         |       |     3 |       |       |       ||     3
       Confused          |       |       |    18 |    12 |    19 ||    49
       Distracted        |       |       |     1 |       |       ||     1
  Eat: Chunk             |     3 |    12 |    39 |    23 |    21 ||    98
       Ration            |       |       |       |     1 |     3 ||     4
Armor: Robe              |    18 |     1 |    98 |       |       ||   117
       Plate armour      |       |    80 |       |       |       ||    80
       Ring mail         |       |     6 |    43 |       |       ||    49
       Leather armour    |       |       |       |   149 |   210 ||   359
Dodge: Dodged            |    60 |    23 |   231 |   270 |   303 ||   887
Block: Shield            |       |       |       |     8 |    36 ||    44

Table legend:
 A = Non-vault XP
 B = Vault XP
 C = Vault XP percentage of total XP
 D = Non-vault monster count
 E = Vault monster count
 F = Vault count percentage of total count
                 A         B        C        D         E       F
            +---------+---------+-------+---------+---------+-------
      Total |   33011 |   20253 |  38.0 |     301 |     163 |  35.1
            +---------+---------+-------+---------+---------+-------
        D:1 |      47 |       0 |   0.0 |      22 |       0 |   0.0
        D:2 |      46 |      46 |  50.0 |       6 |      13 |  68.4
        D:3 |      14 |     136 |  90.7 |       7 |       1 |  12.5
        D:4 |     262 |       0 |   0.0 |      11 |       0 |   0.0
        D:5 |     213 |      99 |  31.7 |      11 |       1 |   8.3
        D:6 |     273 |     158 |  36.7 |      10 |       1 |   9.1
        D:7 |    1237 |       0 |   0.0 |      30 |       0 |   0.0
        D:8 |     672 |     869 |  56.4 |      11 |       7 |  38.9
        D:9 |    1756 |       0 |   0.0 |      27 |       0 |   0.0
       D:10 |    3300 |       0 |   0.0 |      26 |       0 |   0.0
       D:11 |    5787 |    3444 |  37.3 |      40 |      27 |  40.3
       D:12 |    1030 |    4517 |  81.4 |       7 |       9 |  56.2
       D:13 |     431 |       0 |   0.0 |       5 |       0 |   0.0
     Lair:1 |    2234 |       0 |   0.0 |      11 |       0 |   0.0
     Lair:2 |    2568 |    1188 |  31.6 |      14 |       5 |  26.3
     Lair:3 |    4489 |     835 |  15.7 |      26 |       5 |  16.1
     Lair:4 |    5646 |    8674 |  60.6 |      25 |      55 |  68.8
     Lair:5 |    3006 |       0 |   0.0 |      12 |       0 |   0.0
    Ossuary |       0 |     287 | 100.0 |       0 |      39 | 100.0
            +---------+---------+-------+---------+---------+-------
